 Dungeon Crawl Stone Soup version 0.28.0-43-g3370ac3207 (webtiles) character file.

Game seed: 1797167992836408277

9 terff the Sneak (level 2, -4/19 HPs)
             Began as an Octopode Brigand on Mar 20, 2022.
             Was an Initiate of Gozag.
             Slain by a kobold
             ... wielding a +0 whip
              (5 damage)
             ... on level 1 of the Dungeon.
             The game lasted 00:01:32 (243 turns).

terff the Sneak (Octopode Brigand)                   Turns: 243, Time: 00:01:33

Health: -4/19      AC:  1    Str: 10    XL:     2   Next: 12%
Magic:  2/2        EV:  9    Int: 13    God:    Gozag
Gold:   15         SH:  0    Dex: 13    Spells: 1/1 levels left

rFire   . . .      SeeInvis .   a - +2 dagger
rCold   . . .      Faith    .   (no shield)
rNeg    . . .      Spirit   .   (helmet restricted)
rPois   .          Reflect  .   (no amulet)
rElec   .          Harm     .   (no ring)
rCorr   .          Rampage  .   (no ring)
Will    .....                   (no ring)
Stlth   ++++......              (no ring)
HPRegen 0.06/turn               (no ring)
MPRegen 0.08/turn               (no ring)
                                (no ring)
                                (no ring)

@: constricted
A: almost no armour, amphibious, 8 rings, camouflage 1, gelatinous body 1,
(nimble swimmer 1), tentacles
a: Renounce Religion, Potion Petition, Call Merchant, Bribe Branch


You were on level 1 of the Dungeon.
You worshipped Gozag.
Gozag was noncommittal.
You visited 1 branch of the dungeon, and saw 1 of its levels.

You collected 15 gold pieces.

Inventory:

Hand Weapons
 a - a +2 dagger (weapon)
Missiles
 b - 8 poisoned darts (quivered)
 c - 2 curare-tipped darts
Scrolls
 d - a scroll of blinking {unknown}
 e - a scroll of teleportation {unknown}


   Skills:
 + Level 2.3 Fighting
 + Level 2.0 Short Blades
 + Level 2.1 Throwing
 + Level 1.0 Dodging
 + Level 5.6 Stealth


You had one spell level left.
You didn't know any spells.
Your spell library was empty.

Dungeon Overview and Level Annotations

Branches:
Dungeon (1/15)

Altars:
Gozag


Innate Abilities, Weirdness & Mutations

You cannot wear most types of armour.
You are amphibious.
You can wear up to eight rings at the same time.
Your skin changes colour to match your surroundings (Stealth+).
Your rubbery body absorbs attacks. (AC +1, EV +1)
((You are camouflaged when in or above water. (Stealth+)))
You have tentacles for arms and can constrict up to eight enemies at once.


Message History

The bat hits you.
The bat is distracted by your dazzling golden aura.
You barely miss the bat.
The bat is no longer distracted by gold.
Your grab misses the bat. You squeeze the bat.
You kill the bat!
Found an escape hatch in the floor.
You now have 15 gold pieces (gained 6).
A kobold comes into view. It is wielding a +0 whip.
The kobold shouts!
A bat comes into view.
The bat moves out of view.
The kobold hits you with a +0 whip. The kobold hits you with a +0 whip.
The kobold barely misses you. The kobold barely misses you.
The kobold hits you with a +0 whip. The kobold barely misses you.
The kobold barely misses you.
A ball python comes into view.
The kobold hits you with a +0 whip. The kobold closely misses you.
The ball python hisses angrily.
The ball python bites you. The ball python grabs you.
The ball python constricts you.
* * * LOW HITPOINT WARNING * * *
The kobold hits you with a +0 whip.
* * * LOW HITPOINT WARNING * * *
The ball python barely misses you. The ball python constricts you.
* * * LOW HITPOINT WARNING * * *
The kobold barely misses you. The ball python completely misses you.
The ball python constricts you.
* * * LOW HITPOINT WARNING * * *
The kobold barely misses you.
The ball python bites you but does no damage.
The ball python constricts you.
* * * LOW HITPOINT WARNING * * *
The kobold hits you with a +0 whip.
You die...
Your body crumbles into a pile of gold.

...#.# #.'..#######. ...#.#
#....# #'##..##### # ...#.#
#..... #..'..##..# #..#.#
#....# #..#..##..#
.#...#########....# #..#...'..#
.#...........#....#.#..##..####
.....#######.# .... ###
##..##### ..##......##.###.#
#.##.##. ................@#
#.....#. .###########...SK#
#####... .# #.......... ##.. $#
#...###.##...# ### .# #>##
#....#.# .# ... ##...# # ## ...
.... .. $ ..b.


You could see a ball python and a kobold.

Vanquished Creatures
  A dart slug (D:1)
  2 goblins (D:1)
  A kobold (D:1)
  A quokka (D:1)
  A bat (D:1)
6 creatures vanquished.

Vanquished Creatures (others)
  A fungus (D:1)
  A plant (D:1)
2 creatures vanquished.

Grand Total: 8 creatures vanquished

Notes
Turn   | Place    | Note
-------+----------+-------------------------------------------
     0 | D:1      | terff the Octopode Brigand began the quest for the Orb.
     0 | D:1      | Reached XP level 1. HP: 14/14 MP: 1/1
   121 | D:1      | Found a faded altar of an unknown god.
   153 | D:1      | Prayed at the altar of an unknown god.
   153 | D:1      | Became a worshipper of Gozag Ym Sagoz the Greedy
   211 | D:1      | Reached XP level 2. HP: 18/19 MP: 2/2
   243 | D:1      | Slain by a kobold

Illustrated notes

Levels and vault maps discovered:
D:1:      dpeg_arrival_short_road, layout_rooms,
          dreamdust_ecumenical_altar_grove

Action                   || total
-------------------------++-------
Melee: Dagger            ||    14
       Constrict         ||     7
       Tentacles         ||     4
Armor: Skin              ||     2
Dodge: Dodged            ||    19
